 Dungeon Crawl Stone Soup version 0.31-a0-232-gb1c03b2570 (webtiles) character file.

Game seed: 9989881672697840412

327 qw the Shooter (level 6, 0/53 HPs)
             Began as a Minotaur Hexslinger on July 7, 2023.
             Slain by a jackal (3 damage)
             ... on level 4 of the Dungeon.
             The game lasted 00:00:59 (2693 turns).

qw the Shooter (Minotaur Hexslinger)                Turns: 2693, Time: 00:01:00

Health: 0/53       AC: 10    Str: 13    XL:     6   Next: 24%
Magic:  6/6        EV: 11    Int: 10    God:
Gold:   255        SH:  0    Dex: 14    Spells: 6/7 levels left

rFire   . . .        Y - +1 sling
rCold   . . .        (no shield)
rNeg    . . .        a - +3 ring mail
rPois   .            (helmet restricted)
rElec   .            (no cloak)
rCorr   .            d - +1 pair of gloves
SInv    .            (no boots)
Will    .....        (no amulet)
Stlth   +            (no ring)
HPRegen 0.28/turn    (no ring)
MPRegen 0.10/turn

%: no passive effects
@: no status effects
A: horns 2, retaliatory headbutt
a: no special abilities


You were on level 4 of the Dungeon.
You visited 1 branch of the dungeon, and saw 4 of its levels.

You collected 255 gold pieces.


Innate Abilities, Weirdness & Mutations

You have a pair of horns on your head.
You reflexively headbutt those who attack you in melee.


   Skills:
 - Level 4.3 Fighting
 + Level 6.0 Ranged Weapons
 - Level 1.0 Armour
 - Level 2.1 Dodging
 - Level 1.0 Spellcasting
 - Level 2.0 Hexes


You had 6 spell levels left.
You knew the following spells:

 Your Spells              Type           Power      Damage    Failure   Level
a - Slow                  Hex            16%        N/A       32%         1

Your spell library contained the following spells:

 Spells                   Type           Power      Damage    Failure   Level
 Inner Flame              Hex/Fire       2%         N/A       82%         3
 Portal Projectile        Hex/Tloc       4%         N/A       82%         3
 Cause Fear               Hex            2%         N/A       97%         4

Inventory:

Hand Weapons
 Y - a +1 sling (weapon)
Armour
 a - a +3 ring mail (worn)
 d - a +1 pair of gloves (worn)
Jewellery
 c - an amulet of faith
Wands
 b - a wand of digging (4)
Scrolls
 i - 2 scrolls of identify
Potions
 e - a potion of curing
 f - a potion of heal wounds {unknown}
 h - a potion of magic {unknown}
 j - a potion of brilliance {unknown}
 k - a potion of resistance {unknown}

Dungeon Overview and Level Annotations

Branches:
Dungeon (4/15)
 Temple: D:4-7

Altars:
Ashenzari
Cheibriados
Wu Jian


Message History

You furiously retaliate!
You headbutt the jackal.
You kill the jackal!
The jackal bites you but does no damage.
You shoot a sling bullet. The sling bullet hits the jackal.
The jackal is almost dead.
The jackal bites you but does no damage. x3
You shoot a sling bullet. The sling bullet hits the ogre!
The ogre is moderately wounded.
The jackal bites you but does no damage.
You shoot a sling bullet. The sling bullet hits the ogre.
The ogre is moderately wounded.
The jackal bites you but does no damage.
The ogre hits you with a +0 giant club.
The jackal bites you but does no damage.
You shoot a sling bullet. The sling bullet hits the jackal.
You kill the jackal!
The jackal barely misses you.
The ogre hits you with a +0 giant club!!
The jackal barely misses you.
You shoot a sling bullet.
The sling bullet barely misses the ogre.
The jackal barely misses you. The ogre hits you with a +0 giant club!
You shoot a sling bullet.
The sling bullet barely misses the ogre.
The jackal bites you. The jackal closely misses you.
The phantom hits you but does no damage.
You shoot a sling bullet. The sling bullet hits the ogre.
The ogre is severely wounded.
The jackal barely misses you. The ogre hits you with a +0 giant club!
The phantom misses you.
The jackal bites you but does no damage.
You shoot a sling bullet. The sling bullet hits the ogre.
The ogre is severely wounded.
The ogre hits you but does no damage. The jackal barely misses you.
The phantom barely misses you. You furiously retaliate!
You headbutt the phantom! You shoot a sling bullet.
The sling bullet hits the ogre!
You kill the ogre!
The jackal bites you.
You die...

.... .... ...##..
#..>... #......
#.....#
#.....#########
#...)hW.......#
#....@........#
#.............#
#.....[.......#
#.............#
#.............#
#.......).....#
#......########
#......#
#######)###########


You could see a phantom and a jackal.

Vanquished Creatures
  An ogre (D:4)
  A phantom (D:4)
  A scorpion (D:4)
  Ijyb (D:3)
  Terence (D:3)
  An iguana (D:4)
  Natasha (D:3)
  2 adders (D:3)
  2 dart slugs (D:3)
  2 orcs
  2 ball pythons
  6 endoplasms
  2 giant cockroaches
  5 goblins
  5 hobgoblins
  13 jackals
  6 kobolds
  8 bats
  3 frilled lizards
  2 rats (D:1)
65 creatures vanquished.

Notes
Turn   | Place    | Note
-------+----------+-------------------------------------------
     0 | D:1      | qw the Minotaur Hexslinger began the quest for the Orb.
     0 | D:1      | Reached XP level 1. HP: 16/16 MP: 1/1
     0 | D:1      | 0 ||| qw: Version: 0.3-a-46-gb1f654a
     0 | D:1      | 0 ||| qw: Game counter: 2469
     0 | D:1      | 0 ||| qw: Melee chars always use a shield: true
     0 | D:1      | 0 ||| qw: God list: Okawaru
     0 | D:1      | 0 ||| qw: Allow faded altars: false
     0 | D:1      | 0 ||| qw: Do Orc after clearing Dungeon:15 true
     0 | D:1      | 0 ||| qw: Do second Lair branch before Depths: true
     0 | D:1      | 0 ||| qw: Lair rune preference: random
     0 | D:1      | 0 ||| qw: Goals: Normal
     0 | D:1      | 0 ||| PLANNING D:1-11
   203 | D:1      | Reached skill level 3 in Ranged Weapons
   234 | D:1      | Reached XP level 2. HP: 23/23 MP: 2/2
   762 | D:1      | Reached XP level 3. HP: 29/29 MP: 3/3
   850 | D:1      | 850 ||| UPGRADING to +0 pair of gloves.
   855 | D:1      | 855 ||| READING scroll labelled XOGITZ SIWA.
   856 | D:1      | 856 ||| READING scroll labelled VOMEN JIMIOF.
   857 | D:1      | 857 ||| DROPPING scroll of poison.
   895 | D:2      | Identified the +9 falchion of Enormous Tender Mercy {drain,
                  | Str-4 Dex+8}
  1478 | D:2      | 1478 ||| UPGRADING to +0 ring mail.
  1488 | D:2      | 1488 ||| DROPPING +0 robe.
  1489 | D:2      | 1489 ||| READING 2 scrolls labelled DAENAZO MEAQACEKH.
  1490 | D:2      | 1490 ||| READING scroll labelled QEG PUATOOWN.
  1491 | D:2      | 1491 ||| DRINKING 2 bubbling pink potions.
  1492 | D:2      | 1492 ||| DROPPING scroll of immolation.
  1493 | D:2      | 1493 ||| DROPPING potion of degeneration.
  1527 | D:3      | Found a broken altar of Ashenzari.
  1578 | D:3      | Reached skill level 1 in Armour
  1625 | D:3      | Reached skill level 4 in Ranged Weapons
  1749 | D:3      | Reached XP level 4. HP: 31/36 MP: 4/4
  1789 | D:3      | Noticed Terence
  1803 | D:3      | Killed Terence
  2137 | D:3      | Noticed Natasha
  2146 | D:3      | Killed Natasha
  2147 | D:3      | Reached skill level 5 in Ranged Weapons
  2262 | D:3      | Found a snail-covered altar of Cheibriados.
  2287 | D:3      | 2287 ||| READING scroll of enchant armour.
  2287 | D:3      | 2287 ||| ENCHANTING +0 pair of gloves.
  2419 | D:3      | Found an ornate altar of the Wu Jian Council.
  2422 | D:3      | 2422 ||| READING scroll labelled QUIDOFRE QAICE.
  2425 | D:3      | 2425 ||| READING scroll labelled WIKUGAL XUSUSYC.
  2426 | D:3      | 2426 ||| READING 2 scrolls labelled UQUBUBRYNK.
  2427 | D:3      | 2427 ||| READING 3 scrolls of identify.
  2427 | D:3      | 2427 ||| IDENTIFYING inky potion
  2428 | D:3      | 2428 ||| READING 2 scrolls of identify.
  2428 | D:3      | 2428 ||| IDENTIFYING yellow potion
  2429 | D:3      | 2429 ||| DROPPING potion of ambrosia.
  2430 | D:3      | 2430 ||| DROPPING scroll of fear.
  2445 | D:4      | Noticed Ijyb
  2451 | D:4      | Noticed a phantom
  2452 | D:4      | 2452 ||| STAIRDANCE
  2468 | D:3      | Killed Ijyb
  2469 | D:3      | Reached XP level 5. HP: 21/44 MP: 5/5
  2556 | D:3      | 2556 ||| UPGRADING to +3 ring mail.
  2566 | D:3      | 2566 ||| DROPPING +0 ring mail.
  2577 | D:4      | Killed a phantom
  2647 | D:4      | Reached skill level 6 in Ranged Weapons
  2647 | D:4      | Reached XP level 6. HP: 49/53 MP: 6/6
  2691 | D:4      | HP: 3/53 [ogre/+0 giant club (16)]
  2693 | D:4      | Slain by a jackal

Levels and vault maps discovered:
D:1:      lightli_arrival_chessboard, layout_basic, minmay_misc_feat_plants,
          dreamdust_princess_bridge, grunt_decor_arrowhead, minmay_misc_feat_iff
D:2:      layout_basic
D:3:      layout_basic, nzn_wu_jian_contemplation, lemuel_crystal_altar,
          cheibrodos_ashenzari_chains, uniq_natasha, uniq_terence
D:4:      layout_basic, minmay_rat_hole, uniq_ijyb

Skill      XL: |  1  2  3  4  5 |
---------------+----------------+-----
Ranged Weapons | 3 4 5 6 |  6.0
Fighting       | 2 4 |  4.3
Armour         | 1 |  1.0
Dodging        | |  2.1
Spellcasting   | |  1.0
Hexes          | |  2.0

Action                     |  1- 3 |  4- 6 || total
---------------------------+-------+-------++-------
  Melee: Unarmed           |     8 |       ||     8
   Fire: Sling             |   101 |   100 ||   201
    Use: Scroll            |     4 |     6 ||    10
         Potion            |     1 |       ||     1
 Armour: Robe              |     8 |       ||     8
         Ring mail         |    12 |    42 ||    54
         Skin              |     1 |       ||     1
  Dodge: Dodged            |    47 |    46 ||    93

Table legend:
 A = Non-vault XP
 B = Vault XP
 C = Vault XP percentage of total XP
 D = Non-vault monster count
 E = Vault monster count
 F = Vault count percentage of total count
                 A         B        C        D         E       F
            +---------+---------+-------+---------+---------+-------
      Total |     484 |     105 |  17.8 |      62 |       3 |   4.6
            +---------+---------+-------+---------+---------+-------
        D:1 |      47 |       0 |   0.0 |      27 |       0 |   0.0
        D:2 |      10 |       0 |   0.0 |       6 |       0 |   0.0
        D:3 |      60 |     105 |  63.6 |      17 |       3 |  15.0
        D:4 |     367 |       0 |   0.0 |      12 |       0 |   0.0
            +---------+---------+-------+---------+---------+-------
